 Dungeon Crawl Stone Soup version 0.29-a0-207-gf982a884d8 (webtiles) character file.

Game seed: 16547898559459532433

1216 RusselChambers the Cleaver (level 8, -3/70 HPs)
             Began as a Hill Orc Monk on Feb 24, 2022.
             Was an Initiate of Beogh.
             Slain by an orc warrior
             ... wielding a +0 flail
              (4 damage)
             ... on level 6 of the Dungeon.
             The game lasted 01:16:05 (7813 turns).

RusselChambers the Cleaver (Hill Orc Monk)          Turns: 7813, Time: 01:16:06

Health: -3/70      AC: 16    Str: 16    XL:     8   Next: 46%
Magic:  9/9        EV:  6    Int: 10    God:    Beogh [......]
Gold:   233        SH:  0    Dex: 13    Spells: 7/7 levels left

rFire   . . .      SeeInvis .   l - +3 hand axe
rCold   . . .      Faith    .   (no shield)
rNeg    . . .      Spirit   .   o - +0 plate armour
rPois   .          Reflect  .   j - +1 helmet
rElec   .          Harm     .   (no cloak)
rCorr   .          Rampage  .   g - +0 pair of gloves
Will    .....                   i - +0 pair of boots
Stlth   ..........              (no amulet)
HPRegen 0.21/turn               r - ring of wizardry
MPRegen 0.11/turn               (no ring)

@: no status effects
A: no striking features
a: Renounce Religion


You were on level 6 of the Dungeon.
You worshipped Beogh.
Beogh was noncommittal.
You visited 2 branches of the dungeon, and saw 7 of its levels.

You collected 233 gold pieces.

Inventory:

Hand Weapons
 k - a +3 dagger of freezing
 l - a +3 hand axe (weapon)
Missiles
 c - 157 stones (quivered)
 h - 9 poisoned darts
Armour
 g - a +0 pair of gloves (worn)
 i - a +0 pair of boots (worn)
 j - a +1 helmet (worn)
 o - a +0 plate armour (worn)
Jewellery
 m - a ring of fire
 r - a ring of wizardry (left hand)
Scrolls
 a - 3 scrolls of identify
 d - a scroll of magic mapping
Potions
 e - 2 potions of flight


   Skills:
 + Level 6.1 Fighting
 + Level 9.2 Axes
 + Level 1.4 Throwing
 + Level 4.8 Armour
 + Level 3.4 Dodging
 + Level 2.0 Stealth
 + Level 2.3 Invocations


You had 7 spell levels left.
You didn't know any spells.
Your spell library contained the following spells:

 Spells                   Type           Power      Damage    Failure   Level
 Corpse Rot               Necr/Air       0%         N/A       100%        2
 Poisonous Vapours        Pois/Air       0%         N/A       100%        2
 Sublimation of Blood     Necr           0%         N/A       100%        2
 Wereblood                Tmut           0%         N/A       100%        2
 Summon Forest            Summ/Tloc      0%         N/A       100%        5
 Conjure Ball Lightning   Conj/Air       0%         3x3d6     100%        6
 Eringya's Noxious Bog    Tmut/Pois      0%         N/A       100%        6
 Malign Gateway           Summ/Tloc      0%         N/A       100%        7
 Summon Hydra             Summ           0%         N/A       100%        7
 Discord                  Hex            0%         N/A       100%        8
 Disjunction              Tloc           0%         N/A       100%        8
 Summon Horrible Things   Summ           0%         N/A       100%        8


Dungeon Overview and Level Annotations

Branches:
Dungeon (6/15)             Temple (1/1) D:5

Altars:
Ashenzari
Cheibriados
Dithmenos
Elyvilon
Fedhas
Gozag
Hepliaklqana
Kikubaaqudgha
Makhleb
Nemelex Xobeh
Okawaru
Qazlal
Sif Muna
Trog
Uskayaw
Vehumet
Wu Jian
Xom
Yredelemnul
Zin
The Shining One

Shops:
D:1 *   D:4 **

Annotations:
D:5 exclusion: 3 oklob plants
Temple exclusion: oklob plant


Message History

You closely miss the orc warrior.
The orc warrior is lightly wounded.
The orc warrior hits you with a +0 flail.
* * * LOW HITPOINT WARNING * * *
The orc priest looks satisfied for a moment.
You see here a howler monkey skeleton.
The orc priest invokes the aid of Beogh against you.
Beogh smites you!
* * * LOW HITPOINT WARNING * * *
The orc priest looks encouraged for a moment.
The orc priest looks encouraged for a moment.
An adder comes into view.
The adder hisses angrily.
Found a robe.
The orc warrior hits you with a +0 flail.
* * * LOW HITPOINT WARNING * * *
The adder bites you but does no damage. The adder bites you but does no damage.
The adder bites you.
* * * LOW HITPOINT WARNING * * *
The adder barely misses you.
You enter the shallow water.
Moving in this stuff is going to be slow.
The adder bites you but does no damage.
The orc warrior hits you with a +0 flail!
* * * LOW HITPOINT WARNING * * *
The adder bites you but does no damage.
You closely miss the adder. You barely miss the orc warrior.
The adder bites you.
* * * LOW HITPOINT WARNING * * *
The adder bites you but does no damage.
You hit the adder.
The adder is moderately wounded.
You hit the orc warrior. The adder bites you but does no damage.
You miss the adder.
The adder is moderately wounded.
You hit the orc but do no damage. You closely miss the orc warrior.
The orc warrior hits you with a +0 flail.
You die...
Beogh appreciates the orc warrior's killing of a heretic priest.

##..os....##.# ###..#.## ...
o#...###oo.o.# ≈≈≈ #....# ## ...
.o..#####.#.># ≈≈≈ #.(..#... ...
##....###....# ≈≈≈ #.....# ...
#.##...)....# #.###(....# #...
........###..# #...(..$..# ...
##....#......# #.........## .##..
#............###.......≈≈≈##.....
.$..............@o≈≈≈≈≈≈.........
................So≈≈(.≈..........
...............≈≈≈.......#.......
..##.......#..#.≈......(..^##....
###...##.............## #....
##.....<..........## #....
#...#....##....o.#####....
.........##...............
.............###.....####..


You could see an orc warrior, an orc priest, an adder and an orc.

Vanquished Creatures
  Grinder (D:3)
  2 water moccasins (D:6)
  An ogre (D:5)
  A phantom (D:5)
  A scorpion (D:6)
  A howler monkey (D:6)
  A centaur zombie (D:5)
  3 jellies
  A bullfrog skeleton (D:5)
  2 iguanas
  Terence (D:3)
  5 adders
  A gnoll (D:2)
  3 shadow imps
  2 white imps
  2 ufetubi
  6 worms
  A dart slug (D:4)
  5 orcs
  3 endoplasms
  5 giant cockroaches
  6 goblins
  9 hobgoblins
  9 jackals
  9 kobolds
  A quokka (D:4)
  6 ball pythons
  5 bats
  A frilled lizard (D:2)
  4 rats
98 creatures vanquished.

Vanquished Creatures (collateral kills)
  An ogre (D:4)
  2 gnolls (D:2)
  3 adders (D:2)
  2 jackals (D:2)
  A quokka (D:2)
  A ballistomycete spore (D:3)
10 creatures vanquished.

Vanquished Creatures (others)
  A ballistomycete spore (D:5)
  59 plants (D:6)
60 creatures vanquished.

Grand Total: 168 creatures vanquished

Notes
Turn   | Place    | Note
-------+----------+-------------------------------------------
     0 | D:1      | RusselChambers the Hill Orc Monk began the quest for the
                  | Orb.
     0 | D:1      | Reached XP level 1. HP: 19/19 MP: 1/1
   145 | D:1      | Found Cuirph's Assorted Antiques.
   162 | D:1      | Reached XP level 2. HP: 26/27 MP: 2/2
   524 | D:1      | Found a faded altar of an unknown god.
   524 | D:1      | Noticed a soul eater
   532 | D:1      | Prayed at the altar of an unknown god.
   532 | D:1      | Became a worshipper of Fedhas Madash
   532 | D:1      | Reached * piety under Fedhas
   532 | D:1      | Reached ** piety under Fedhas
   787 | D:2      | Reached XP level 3. HP: 31/33 MP: 3/3
  1126 | D:2      | Reached XP level 4. HP: 19/40 MP: 1/4
  1593 | D:2      | Reached skill level 5 in Axes
  1593 | D:2      | Reached skill level 1 in Armour
  2191 | D:2      | Reached XP level 5. HP: 46/46 MP: 1/5
  2689 | D:3      | Reached *** piety under Fedhas
  2828 | D:3      | Found a radiant altar of Vehumet.
  2841 | D:3      | Found a snail-covered altar of Cheibriados.
  2986 | D:3      | Noticed Grinder
  3002 | D:3      | Paralysed by Grinder for 7 turns
  3040 | D:3      | Killed Grinder
  3041 | D:3      | Reached skill level 6 in Axes
  3041 | D:3      | Reached skill level 1 in Throwing
  3041 | D:3      | Reached skill level 1 in Invocations
  3041 | D:3      | Reached XP level 6. HP: 48/53 MP: 4/6
  3103 | D:3      | Noticed Terence
  3127 | D:3      | Killed Terence
  3939 | D:4      | Found Nudwodgh's Needful Niceties.
  4483 | D:4      | Reached XP level 7. HP: 19/60 MP: 4/8
  4787 | D:4      | Reached skill level 7 in Axes
  4921 | D:4      | Found Acodakh's Lightly-Used Armoury.
  5293 | D:5      | Entered Level 5 of the Dungeon
  5311 | D:5      | Found a shimmering blue altar of Sif Muna.
  5394 | D:5      | Reached skill level 5 in Fighting
  5560 | D:5      | Found a staircase to the Ecumenical Temple.
  5561 | D:5      | Fell from the grace of Fedhas
  5561 | D:5      | Became a worshipper of Beogh the Brigand
  5599 | D:5      | Noticed an oklob plant
  5599 | D:5      | Noticed a wandering mushroom
  5599 | D:5      | Noticed an oklob plant
  5599 | D:5      | Noticed a wandering mushroom
  5599 | D:5      | Noticed a wandering mushroom
  5599 | D:5      | Noticed an oklob plant
  6113 | D:5      | Reached skill level 8 in Axes
  6481 | Temple   | Entered the Ecumenical Temple
  6786 | Temple   | Noticed a wandering mushroom
  6786 | Temple   | Noticed an oklob plant
  6786 | Temple   | Noticed a wandering mushroom
  6786 | Temple   | Noticed a wandering mushroom
  6786 | Temple   | Noticed a wandering mushroom
  6939 | D:6      | Reached XP level 8. HP: 53/68 MP: 9/9
  7528 | D:6      | Reached skill level 9 in Axes
  7809 | D:6      | HP: 2/70 [orc warrior/+0 flail (12)]
  7813 | D:6      | Slain by an orc warrior

Illustrated notes

Levels and vault maps discovered:
D:1:      dpeg_arrival_renting, layout_basic, serial_shops, nicolae_shop_stone,
          dreamdust_ecumenical_altar_sealed_demon
D:2:      layout_basic
D:3:      minmay_evil_eye, layout_loops_corners, mainiacjoe_overflow_swirl,
          uniq_grinder, uniq_terence
D:4:      layout_loops_corners, nicolae_alphabet_shops, minmay_misc_feat_iff,
          minmay_shop_damaged
D:5:      layout_gridville, mainiacjoe_overflow_six_doors_small,
          minmay_temple_entry_proselytizer
D:6:      layout_rooms, ebering_ghost_reflecting_pool, serial_rivers,
          chequers_serial_rivers_small_a, chequers_serial_rivers_micro_b,
          chequers_serial_rivers_large_a, chequers_serial_rivers_room_b,
          chequers_serial_rivers_micro_c, kennysheep_boxes
Temple:   dpeg_five_rooms_temple

Skill      XL: |  1  2  3  4  5  6  7  8 |
---------------+-------------------------+-----
Fighting       | 4 5 6 |  6.1
Axes           | 5 6 8 9 |  9.2
Armour         | 2 3 4 |  4.8
Dodging        | 3 |  3.4
Stealth        | 2 |  2.0
Throwing       | 1 |  1.4
Invocations    | 1 2 |  2.3

Action                   |  1- 3 |  4- 6 |  7- 9 || total
-------------------------+-------+-------+-------++-------
Melee: Hand axe          |   116 |   198 |   154 ||   468
       Punch             |     1 |     2 |     4 ||     7
Throw: Stone             |     4 |    22 |     6 ||    32
       Dart              |       |     3 |       ||     3
Invok: Wall of Briars    |     2 |     9 |     1 ||    12
       Grow Ballistomyce |       |     1 |       ||     1
       Convert to Beogh  |       |       |     1 ||     1
  Use: Potion            |     2 |     2 |     4 ||     8
       Scroll            |     2 |     5 |     7 ||    14
 Stab: Sleeping          |     2 |       |       ||     2
Armor: Robe              |     4 |       |       ||     4
       Ring mail         |    47 |    79 |       ||   126
       Plate armour      |       |    14 |    77 ||    91
Dodge: Dodged            |    97 |    94 |    33 ||   224

Table legend: (Time is in decaauts)
 A = Elapsed time spent in this place.
 B = Non-inter-level travel time spent in this place.
 C = Inter-level travel time spent in this place.
 D = Time resting spent in this place.
 E = Time spent auto-exploring this place.
 F = Levels seen in this place.
 G = Mean time per level.
                   A        B        C        D        E       F      G
               +--------+--------+--------+--------+--------+-----+--------+
         Total |   7792 |   7589 |    203 |   1915 |   2586 |   7 | 1113.1 |
       Dungeon |   7480 |   7326 |    154 |   1888 |   2455 |   6 | 1246.7 |
        Temple |    312 |    263 |     49 |     27 |    131 |   1 |  312.0 |
               +--------+--------+--------+--------+--------+-----+--------+

Top non-repeatable levels by time:
     D:2: 1814 daAuts
     D:4: 1383 daAuts
     D:3: 1322 daAuts
     D:5: 1202 daAuts
     D:6: 977 daAuts
     D:1: 779 daAuts
  Temple: 312 daAuts
